 Dungeon Crawl Stone Soup version 0.23.2-1-ga50397a (webtiles) character file.

Game seed: 7177656094006579153

5534 Fang the Fighter (level 10, -2/66 HPs)
             Began as a Gargoyle Berserker on Apr 15, 2019.
             Was an Elder of Trog.
             Slain by a profane servitor
             ... wielding a +3 whip
              (13 damage)
             ... on level 1 of the Abyss.
             The game lasted 00:10:09 (9560 turns).

Fang the Fighter (Gargoyle Berserker)               Turns: 9560, Time: 00:10:09

Health: -2/66      AC: 25    Str: 25    XL:     10   Next: 71%
Magic:  10/10      EV: 12    Int:  7    God:    Trog [****..]
Gold:   466        SH:  0    Dex: 12    Spells: 9/9 levels left

rFire    . . .     SeeInvis .   e - +1 hand axe (flame)
rCold    . . .     Gourm    +   (no shield)
rNeg     + . .     Faith    .   b - +0 chain mail
rPois    ∞         Spirit   .   (no helmet)
rElec    +         Reflect  .   h - +2 cloak
rCorr    .         Harm     .   w - +2 pair of gloves {archery}
MR       ++...                  (no boots)
Stlth    ..........             d - amulet of the gourmand
HPRegen  1.21/turn              n - ring of flight
MPRegen  0.12/turn              y - +3 ring of dexterity

@: regenerating, wreathed by umbra
A: negative energy resistance 1, electricity resistance, unbreathing,
petrification resistance, rot immunity, AC +7
a: Berserk, Trog's Hand, Brothers in Arms, Renounce Religion, Evoke Flight


You were on level 1 of the Abyss.
You worshipped Trog.
Trog was greatly pleased with you.
You were not hungry.

You visited 2 branches of the dungeon, and saw 10 of its levels.
You visited the Abyss 1 time.
You also visited: Sewer.

You collected 466 gold pieces.

Inventory:

Hand Weapons
 a - a +0 war axe
 e - a +1 hand axe of flaming (weapon)
Armour
 b - a +0 chain mail (worn)
 h - a +2 cloak (worn)
 w - a +2 pair of gloves of archery (worn)
Jewellery
 d - an amulet of the gourmand (around neck)
 n - a ring of flight (left hand)
 y - a +3 ring of dexterity (right hand)
 D - an uncursed ring of ice
Wands
 s - a wand of flame (40)
 v - a wand of iceblast (18)
 E - a wand of random effects (34)
 F - a wand of enslavement (9)
Scrolls
 i - a scroll of enchant armour
 j - 2 scrolls of teleportation
 o - a scroll of blinking
 q - 2 scrolls of fear
 r - 3 scrolls of magic mapping
 B - a scroll of remove curse
Potions
 f - a potion of invisibility
 k - 7 potions of heal wounds
 l - 2 potions of ambrosia
 m - 7 potions of flight
 p - 4 potions of curing
 t - 2 potions of haste {unknown}
 u - a potion of cancellation {unknown}
 x - a potion of resistance {unknown}
 z - 2 potions of brilliance {unknown}
 A - a potion of agility
 G - a potion of mutation {unknown}
Comestibles
 c - 12 rations


   Skills:
 + Level 9.2 Fighting
 + Level 7.7 Axes
 + Level 9.0 Armour
 + Level 6.7 Dodging


You had 9 spell levels left.
You didn't know any spells.
Your spell library was empty.

Dungeon Overview and Level Annotations

Branches:
Dungeon (9/15)             Temple (1/1) D:4
   Lair: D:8-11         Orc: D:9-12

Altars:
Elyvilon
Okawaru
Sif Muna
Trog
Xom


Innate Abilities, Weirdness & Mutations

You are resistant to torment.
Your stone body is resilient. (AC +7)
You are immune to poison.
You resist negative energy. (rN+)
You are resistant to electric shocks. (rElec)
You can survive without breathing.
You are immune to petrification.
You are immune to rotting.


Message History

Your ogre completely misses the profane servitor.
A small abomination comes into view.
You closely miss the profane servitor.
The profane servitor is almost destroyed.
The profane servitor barely misses you. x2
Your ogre closely misses the profane servitor.
The profane servitor hits you with a +3 whip.
* * * LOW HITPOINT WARNING * * *
The profane servitor hits you but does no damage.
You hit the profane servitor. You burn the profane servitor.
The profane servitor is almost destroyed.
Your ogre barely misses the profane servitor.
The profane servitor hits you with a +3 whip!
* * * LOW HITPOINT WARNING * * *
The profane servitor barely misses you.
The orange demon stings you but does no damage.
You closely miss the profane servitor.
The profane servitor is almost destroyed.
The profane servitor hits you with a +3 whip!
You die...

. . # . #...#.
# ..##. .# ...
.. #.....### .
....##.#.. .#
#..#. #....#.##
#...#.O### ## #
#...4A@## .. .
#.x.##...#
....#. #.....##
.
#...##..#......
# . #
.#..##.#.# # #.
##.## ..# # #.
.. ... . # . .


You could see a profane servitor, an orange demon, a small abomination and a
friendly ogre (berserk).

Vanquished Creatures
  2 two-headed ogres
  Erica (D:8)
  Grinder (D:3)
  A wyvern (D:8)
  Menkaure (D:4)
  5 orc warriors
  An ice beast (D:6)
  2 sky beasts (D:8)
  A necrophage (D:9)
  4 ogres
  A phantom (D:8)
  3 centaurs
  A crocodile (D:7)
  A big kobold (Sewer)
  3 bullfrogs
  A gnoll sergeant (D:7)
  A water moccasin skeleton (D:4)
  2 scorpions
  A howler monkey (D:4)
  3 crimson imps
  6 orc wizards
  2 quasits
  5 orc priests
  A hound (D:7)
  Ijyb (D:3)
  Terence (D:2)
  Crazy Yiuf (D:2)
  An iguana (D:6)
  Natasha (thrice) (D:3)
  2 worker ants
  A killer bee zombie (D:8)
  A hound skeleton (D:9)
  A howler monkey zombie (D:8)
  A howler monkey skeleton (D:5)
  5 gnolls
  11 adders
  An ooze (D:2)
  2 adder zombies
  An adder skeleton (D:6)
  A worm (D:3)
  2 dart slugs (D:1)
  6 leopard geckos
  26 orcs
  3 ball pythons
  5 giant cockroaches
  7 goblins
  6 hobgoblins
  6 jackals
  8 kobolds
  4 quokkas
  11 bats
  4 frilled lizards
  A quokka zombie (D:5)
  14 rats
187 creatures vanquished.

Vanquished Creatures (others)
  An orc (D:8)
  A lurking horror (Abyss:1)
2 creatures vanquished.

Grand Total: 189 creatures vanquished

Notes
Turn   | Place    | Note
-------+----------+-------------------------------------------
     0 | D:1      | Fang the Gargoyle Berserker began the quest for the Orb.
     0 | D:1      | Reached XP level 1. HP: 14/14 MP: 1/1
   172 | D:1      | Reached XP level 2. HP: 14/19 MP: 2/2
   473 | D:1      | Reached XP level 3. HP: 23/23 MP: 3/3
   596 | D:1      | Reached ** piety under Trog
   911 | D:2      | Noticed Terence
   928 | D:2      | Killed Terence
   928 | D:2      | Reached XP level 4. HP: 22/29 MP: 4/4
  1474 | D:2      | Found a runed translucent door.
  1475 | D:2      | Noticed Crazy Yiuf
  1662 | D:2      | Found a deep blue altar of Sif Muna.
  1805 | D:2      | Killed Crazy Yiuf
  2013 | D:3      | Reached XP level 5. HP: 33/33 MP: 5/5
  2254 | D:3      | Noticed Ijyb
  2273 | D:3      | Reached *** piety under Trog
  2275 | D:3      | Killed Ijyb
  2279 | D:3      | Found a glowing drain.
  2435 | Sewer    | Entered a sewer
  2622 | Sewer    | Noticed a big kobold
  2640 | Sewer    | Killed a big kobold
  2640 | Sewer    | Reached XP level 6. HP: 27/39 MP: 6/6
  2793 | Sewer    | Found a white marble altar of Elyvilon.
  2905 | D:3      | Noticed Natasha
  2913 | D:3      | Killed Natasha
  2940 | D:3      | Noticed Natasha
  2946 | D:3      | Killed Natasha
  3106 | D:3      | Noticed Natasha
  3116 | D:3      | Killed Natasha
  3202 | D:3      | Noticed Grinder
  3227 | D:3      | Paralysed by Grinder for 3 turns
  3234 | D:3      | Paralysed by Grinder for 6 turns
  3493 | D:3      | Killed Grinder
  3493 | D:3      | Reached skill level 5 in Fighting
  3493 | D:3      | Reached XP level 7. HP: 44/44 MP: 7/7
  3872 | D:4      | Found a staircase to the Ecumenical Temple.
  3904 | Temple   | Entered the Ecumenical Temple
  3973 | D:4      | Reached skill level 5 in Armour
  4164 | D:4      | Noticed Menkaure
  4176 | D:4      | Killed Menkaure
  4664 | D:4      | Reached XP level 8. HP: 43/51 MP: 8/8
  4892 | D:5      | Entered Level 5 of the Dungeon
  4917 | D:5      | Reached skill level 5 in Axes
  5333 | D:5      | Reached **** piety under Trog
  6200 | D:6      | Reached XP level 9. HP: 42/56 MP: 9/9
  6235 | D:6      | Found a white marble altar of Elyvilon.
  6237 | D:6      | Found a shimmering altar of Xom.
  6254 | D:6      | Reached skill level 5 in Dodging
  6264 | D:6      | Received a gift from Trog
  8122 | D:8      | Noticed a two-headed ogre
  8131 | D:8      | Killed a two-headed ogre
  8207 | D:8      | Reached XP level 10. HP: 60/64 MP: 10/10
  8483 | D:8      | Noticed Erica
  8500 | D:8      | Killed Erica
  8903 | D:8      | Reached ***** piety under Trog
  9011 | D:9      | Noticed a two-headed ogre
  9033 | D:9      | Killed a two-headed ogre
  9365 | D:9      | Cast into level 1 of the Abyss (gnoll sergeant)
  9456 | Abyss:1  | Noticed a worldbinder
  9463 | Abyss:1  | Found a corrupted altar of Lugonu.
  9530 | Abyss:1  | Noticed a profane servitor
  9553 | Abyss:1  | Noticed an orange demon
  9560 | Abyss:1  | Slain by a profane servitor

Skill      XL: |  1  2  3  4  5  6  7  8  9 10 |
---------------+-------------------------------+-----
Axes           | 3 4 5 6 7 |  7.7
Dodging        | 2 3 4 5 6 |  6.7
Armour         | 3 4 5 6 7 9 |  9.0
Fighting       | 4 5 6 8 9 |  9.2

Action                   |  1- 3 |  4- 6 |  7- 9 | 10-12 || total
-------------------------+-------+-------+-------+-------++-------
Melee: Hand axe          |   107 |   219 |   154 |    54 ||   534
       War axe           |       |       |   187 |   116 ||   303
Invok: Berserk           |     1 |     5 |     6 |     2 ||    14
       Trog's Hand       |       |       |       |     2 ||     2
       Brothers in Arms  |       |       |       |     1 ||     1
  Use: Scroll            |       |       |    13 |     1 ||    14
 Stab: Sleeping          |     2 |     1 |       |       ||     3
  Eat: Chunk             |       |    11 |    14 |     4 ||    29
       Ration            |       |     1 |     2 |     1 ||     4
Armor: Animal skin       |    49 |   101 |    73 |       ||   223
       Chain mail        |       |       |   134 |   136 ||   270
Dodge: Dodged            |    77 |   134 |   217 |   114 ||   542
